 Dungeon Crawl Stone Soup version 0.17-a0-1515-gfae3d72 (webtiles) character file.

18 Alipheese the Sneak (level 2, 0/22 HPs)
             Began as a Naga Enchanter on July 12, 2015.
             Slain by a goblin
             ... wielding a +0 dagger
              (4 damage)
             ... on level 1 of the Dungeon.
             The game lasted 00:01:34 (1081 turns).

Alipheese the Sneak (Naga Enchanter)                Turns: 1081, Time: 00:01:34

Health: 0/22       AC:  2    Str: 10    XL:     2   Next: 66%
Magic:  4/5        EV: 10    Int: 15    God:
Gold:   34         SH:  0    Dex: 11    Spells: 1 memorised, 4 levels left

rFire  . . .     SeeInvis +     a - +1 dagger
rCold  . . .     Clarity  .     b - +1 robe
rNeg   . . .     SustAt   .     (no shield)
rPois  +         Gourm    .     (no helmet)
rElec  .         Spirit   .     (no cloak)
rCorr  .         Warding  .     (no gloves)
rMut   .         Stasis   .     (no barding)
MR     .....                    (no amulet)
Stlth  +++.......               (no ring)
                                (no ring)

@: short of breath, very slow, not resistant to hostile enchantments, fairly
stealthy
A: see invisible, deformed body, poison resistance, slowness 2, slow metabolism
1, spit poison 2, AC +0
a: Spit Poison


You were on level 1 of the Dungeon.
You were hungry.

You visited 1 branch of the dungeon, and saw 1 of its levels.

You collected 34 gold pieces.

Inventory:

Hand weapons
 a - a +1 dagger (weapon)
Missiles
 i - 2 stones (quivered)
Armour
 b - a +1 robe (worn)
Scrolls
 h - a scroll of teleportation {unknown}
 j - a scroll of remove curse {unknown}
 k - a scroll of identify {unknown}
Potions
 e - 2 potions of magic {unknown}
 f - a potion of heal wounds {unknown}
 g - a potion of brilliance {unknown}
Books
 c - a book of Maledictions

   Spells                             Type                      Level
   a - Corona                         Hexes                        1
   b - Ensorcelled Hibernation        Hexes/Ice                    2
   c - Confuse                        Hexes                        3
   d - Tukima's Dance                 Hexes                        3
   e - Dazzling Spray                 Conjuration/Hexes            3
Comestibles
 d - a bread ration


   Skills:
 - Level 1.0 Short Blades
 - Level 1.5 Dodging
 - Level 4.4 Stealth
 + Level 2.4 Spellcasting
 + Level 3.5 Hexes


You had 4 spell levels left.
You knew the following spells:

 Your Spells              Type           Power        Failure   Level  Hunger
a - Corona                Hex            ##.....      6%          1    #......


Dungeon Overview and Level Annotations

Branches:
Dungeon (1/15)

Altars:


Innate Abilities, Weirdness & Mutations

You cannot wear boots.
Your serpentine skin is tough (AC +0).
You have supernaturally acute eyesight.
Armour fits poorly on your strangely shaped body.
Your system is resistant to poisons.
You cover ground very slowly.
You have a slow metabolism.
You can spit poison.


Message History

You hit the jackal but do no damage.
The jackal is severely wounded.
The jackal barely misses you.
Unknown command.
You hit the jackal but do no damage.
The jackal is severely wounded.
The jackal bites you but does no damage.
Unknown command.
You hit the jackal but do no damage.
The jackal is severely wounded.
The jackal closely misses you. The jackal bites you.
* * * LOW HITPOINT WARNING * * *
Unknown command.
Use which ability? (? or * to list)
Press: ? - help, Shift-Dir - straight line, f/p - jackal
Aim: a jackal (severely wounded, softly glowing)
The splash of poison hits the jackal.
You kill the jackal!
You feel slightly more hungry. The goblin hits you with a dagger.
You die...

.. #.... ... # #....
..#####. #.... #.#...#
#######.... .....#
#..........
#...########.#####....
#...##.......# #....
##.#...##.......# ###....
.!.....hg@.......# #......
###.#...##...)...###.#####
.. #...##.......#.....# #
######......##.#.#.#
#......##.....#
.......##....##
#####.####..#.####
#.#...........
#...........


You could see a jackal and a goblin.

Vanquished Creatures
  2 bats (D:1)
  A giant cockroach (D:1)
  3 goblins (D:1)
  A hobgoblin (D:1)
  6 jackals (D:1)
  A kobold (D:1)
  A rat (D:1)
15 creatures vanquished.

Notes
Turn   | Place    | Note
--------------------------------------------------------------
     0 | D:1      | Alipheese the Naga Enchanter began the quest for the Orb.
     0 | D:1      | Reached XP level 1. HP: 15/15 MP: 3/3
   639 | D:1      | Reached XP level 2. HP: 20/22 MP: 5/5
  1081 | D:1      | Slain by a goblin

Vault maps used:
D:1:      dpeg_arrival_connections, minmay_misc_feat_five

Action                   || total
-------------------------++-------
Melee: Dagger            ||    68
 Cast: Corona            ||    15
 Abil: Spit Poison       ||     9
